 Dungeon Crawl Stone Soup version 0.19-a0-1493-gd0fcaa6 (webtiles) character file.

20 roguesci the Ruffian (level 2, -1/25 HPs)
             Began as a Naga Transmuter on Sept 9, 2016.
             Slain by a kobold
             ... wielding a cursed -3 club
              (3 damage)
             ... on level 1 of the Dungeon.
             The game lasted 00:01:50 (837 turns).

roguesci the Ruffian (Naga Transmuter)               Turns: 837, Time: 00:01:51

Health: -1/25      AC:  2    Str: 12    XL:     2   Next: 79%
Magic:  5/5        EV: 10    Int: 13    God:
Gold:   30         SH:  0    Dex: 11    Spells: 2 memorised, 2 levels left

rFire  . . .     SeeInvis +       - Unarmed
rCold  . . .     Gourm    .     b - +0 robe
rNeg   . . .     Faith    .     (no shield)
rPois  +         Spirit   .     (no helmet)
rElec  .         Dismiss  .     h - +0 cloak
rCorr  .         Reflect  .     (no gloves)
MR     .....     Harm     .     (no barding)
Stlth  +.........               (no amulet)
                                (no ring)
                                (no ring)

@: appendage (expiring), very slow
A: horns 2, see invisible, deformed body, poison resistance, slowness 2, slow
metabolism 1, spit poison 1, AC +0
a: Spit Poison, End Transformation


You were on level 1 of the Dungeon.
You were not hungry.
You had grown temporary horns.
You visited 1 branch of the dungeon, and saw 2 of its levels.

You collected 30 gold pieces.

Inventory:

Missiles
 a - 62 arrows
Armour
 b - a +0 robe (worn)
 h - a +0 cloak (worn)
Scrolls
 e - a scroll of blinking {unknown}
 g - 2 scrolls of remove curse {unknown}
 i - 3 scrolls of identify {unknown}
 j - a scroll of teleportation {unknown}
Potions
 f - a potion of curing {unknown}
 l - a potion of brilliance {unknown}
Books
 c - a book of Changes

   Spells                             Type                      Level
   a - Beastly Appendage              Transmutation                1
   b - Sticks to Snakes               Transmutation                2
   c - Spider Form                    Transmutation/Poison         3
   d - Ice Form                       Ice/Transmutation            4
   e - Blade Hands                    Transmutation                5
Comestibles
 d - a bread ration
 k - a royal jelly


   Skills:
 * Level 1.3 Fighting
 + Level 0.1 Armour
 * Level 1.7 Dodging
 * Level 3.2 Unarmed Combat
 + Level 2.2 Spellcasting
 * Level 2.2 Transmutations


You had 2 spell levels left.
You knew the following spells:

 Your Spells              Type           Power        Failure   Level  Hunger
a - Beastly Appendage     Tmut           #.....       12%         1    ##.....
b - Sticks to Snakes      Tmut           #.......     17%         2    ###....


Dungeon Overview and Level Annotations

Branches:
Dungeon (2/15)

Altars:


Innate Abilities, Weirdness & Mutations

You cannot wear boots.
Your serpentine skin is tough. (AC +0)
You have supernaturally acute eyesight. (SInv)
Armour fits poorly on your strangely shaped body.
Your system is resistant to poisons. (rPois)
You cover ground very slowly.
You have a slow metabolism.
You can spit poison.
You have a pair of horns on your head.


Message History

You headbutt the hobgoblin, but do no damage.
The hobgoblin is almost dead.
The kobold hits you but does no damage.
Unknown command.
You barely miss the hobgoblin.
The hobgoblin is almost dead.
The hobgoblin closely misses you. The kobold hits you but does no damage.
Unknown command.
You barely miss the hobgoblin.
The hobgoblin is almost dead.
The hobgoblin hits you but does no damage.
You barely miss the hobgoblin. Your headbutt misses the hobgoblin.
Your punch misses the hobgoblin.
The hobgoblin is almost dead.
The kobold closely misses you. The hobgoblin hits you with a club.
* * * LOW HITPOINT WARNING * * *
You hit the hobgoblin.
You kill the hobgoblin!
The kobold hits you with a club.
You die...

..#≈≈≈≈♣≈♣≈≈≈≈#..#
#.###.#..#
..######.######......
#....## ...
.................##...#
...
.......#...#####..#...##
... ##.........##
#..#)..### ....
...........# ##.......#
.........†.## #.......#
......K.....####........
......)@(†.............#
.....#.).###..##.......#
........## ##...........
........# #####....###
......... ##...#
......... #...#
......... #####
..........


You could see a kobold.

Vanquished Creatures
  2 giant cockroaches (D:1)
  4 hobgoblins (D:1)
  3 kobolds (D:1)
  A quokka (D:2)
  2 bats (D:1)
  A giant newt (D:1)
  2 goblins (D:1)
  3 rats (D:1)
18 creatures vanquished.

Vanquished Creatures (others)
  5 toadstools (D:1)
5 creatures vanquished.

Grand Total: 23 creatures vanquished

Notes
Turn   | Place    | Note
-------+----------+-------------------------------------------
     0 | D:1      | roguesci the Naga Transmuter began the quest for the Orb.
     0 | D:1      | Reached XP level 1. HP: 18/18 MP: 3/3
   467 | D:1      | Reached XP level 2. HP: 25/25 MP: 5/5
   471 | D:1      | Learned a level 2 spell: Sticks to Snakes
   536 | D:1      | You fall through a shaft!
   837 | D:1      | Slain by a kobold

Vault maps used:
D:1:      ldierk_walled_garden
D:2:      old_standard_altar, small_statue_intersection

Action                   || total
-------------------------++-------
Melee: Unarmed           ||    65
       Headbutt          ||     3
       Punch             ||     2
 Cast: Beastly Appendage ||     3
 Abil: Spit Poison       ||     1
Armor: Robe              ||    15
Dodge: Dodged            ||    36
